 Dungeon Crawl Stone Soup version 0.31-a0-675-g238779eb0a (webtiles) character file.

Game seed: 15247186574108849754

96 Ekaitz the Gusty (level 4, -2/25 HPs)
             Began as a Tengu Air Elementalist on Sept 6, 2023.
             Slain by a water moccasin (3 damage)
             ... in a sewer.
             The game lasted 00:05:55 (2402 turns).

Ekaitz the Gusty (Tengu Air Elementalist)           Turns: 2402, Time: 00:05:56

Health: -2/25      AC:  3    Str:  8    XL:     4   Next: 67%
Magic:  4/8        EV: 13    Int: 24    God:
Gold:   111        SH:  0    Dex: 20    Spells: 1/7 levels left

rFire   . . .        f - +0 dagger
rCold   . . .        (no shield)
rNeg    . . .        a - +0 robe
rPois   .            (helmet restricted)
rElec   .            (no cloak)
rCorr   .            g - +0 pair of gloves
SInv    .            (boots unavailable)
Will    .....        (no amulet)
Stlth   +            j - +6 ring of dexterity
HPRegen 0.24/turn    t - +6 ring of intelligence
MPRegen 0.11/turn

%: acrobat
@: very slow
A: beak, talons 3, acrobatic
a: no special abilities


You were in a sewer.
You visited 1 branch of the dungeon, and saw 3 of its levels.
You also visited: Sewer.

You collected 111 gold pieces.

Inventory:

Hand Weapons
 f - a +0 dagger (weapon)
Missiles
 m - 13 poisoned darts
Armour
 a - a +0 robe (worn)
 g - a +0 pair of gloves (worn)
Jewellery
 j - a +6 ring of dexterity (left hand)
 t - a +6 ring of intelligence (right hand)
Scrolls
 d - a scroll of fog {unknown}
 i - a scroll of immolation {unknown}
 k - a scroll of brand weapon {unknown}
 l - a scroll of identify {unknown}
 n - 2 scrolls of teleportation {unknown}
 o - a scroll of fear {unknown}
 p - 2 scrolls of enchant armour {unknown}
 q - a scroll of silence {unknown}
Potions
 b - a potion of magic
 c - a potion of curing
 e - a potion of enlightenment {unknown}
 h - a potion of lignification {unknown}
 r - 2 potions of mutation {unknown}
 s - 3 potions of might {unknown}


   Skills:
 * Level 1.2 Fighting
 + Level 0.8 Short Blades
 * Level 2.9 Dodging
 + Level 2.5 Stealth
 + Level 2.1 Spellcasting
 * Level 2.4 Conjurations
 * Level 5.1 Air Magic


You had one spell level left.
You knew the following spells:

 Your Spells              Type           Power      Damage    Failure   Level
a - Shock                 Conj/Air       80%        1d8       2%          1
b - Static Discharge      Conj/Air       40%        2-4/arc   3%          2
c - Swiftness             Air            27%        N/A       4%          3

Your spell library contained the following spells:

 Spells                   Type           Power      Damage    Failure   Level
 Poisonous Vapours        Pois/Air       28%        N/A       6%          2
 Mephitic Cloud           Conj/Pois/Air  14%        N/A       13%         3
 Airstrike                Air            13%        2d(2-18)  14%         4
 Passwall                 Tmut/Erth      1%         N/A       19%         2
 Scorch                   Fire           4%         2d5       19%         2
 Flame Wave               Conj/Fire      8%         2d5       56%         4
 Petrify                  Tmut/Erth      2%         N/A       75%         4
 Alistair's Intoxication  Tmut/Pois      1%         N/A       97%         5
 Summon Cactus Giant      Summ           1%         N/A       100%        6
 Malign Gateway           Summ/Tloc      1%         N/A       100%        7
 Summon Horrible Things   Summ           1%         N/A       100%        8


Dungeon Overview and Level Annotations

Branches:
Dungeon (3/15)              Sewer (1/1)

Altars:
Xom


Innate Abilities, Weirdness & Mutations

You have a beak for a mouth.
You have claws for feet.
You can magically evade attacks while moving or waiting.


Message History

The water moccasin is moderately wounded.
You feel sick. The water moccasin bites you.
* * * LOW HITPOINT WARNING * * *
Unknown command.
It was a potion of curing.
You feel better.
The water moccasin bites you but does no damage.
The water moccasin barely misses you.
Unknown command.
Casting: Shock (safe; 2% risk of failure)
Confirm with . or Enter, or press ? or * to list all spells.
Aiming: Shock (safe; 2% risk of failure)
Press: ? - help, Shift-Dir - straight line, f/p - water moccasin
Aim: a water moccasin (moderately wounded, 53% to hit)
The zap misses the water moccasin.
The zap hits the water moccasin.
The water moccasin is heavily wounded.
The water moccasin misses you.
Unknown command.
Casting: Shock (safe; 2% risk of failure)
Confirm with . or Enter, or press ? or * to list all spells.
Aiming: Shock (safe; 2% risk of failure)
Press: ? - help, Shift-Dir - straight line, f/p - water moccasin
Aim: a water moccasin (heavily wounded, 53% to hit)
The zap hits the water moccasin.
The water moccasin is heavily wounded.
The zap hits the water moccasin.
The water moccasin is almost dead.
The water moccasin closely misses you. The water moccasin bites you!
* * * LOW HITPOINT WARNING * * *
Unknown command.
Casting: Shock (safe; 2% risk of failure)
Confirm with . or Enter, or press ? or * to list all spells.
Aiming: Shock (safe; 2% risk of failure)
Press: ? - help, Shift-Dir - straight line, f/p - water moccasin
Aim: a water moccasin (severely wounded, 53% to hit)
The zap hits the water moccasin.
The water moccasin is almost dead.
The zap hits the water moccasin.
The water moccasin is almost dead.
The water moccasin bites you.
You die...

#....#......#...#
###..#....#######
####...#...#####
#~~~~~~~~~~~~~~#
####....~..#####
####~#### #.#
##.## #.@.#
##~S~## #.....#
#.~~~.##
#.~.#.~.#
#.~###..## #.~.
#...# #~.# ##..#
#.. #~.#


You could see a water moccasin.

Vanquished Creatures
  2 adders
  3 worms
  2 dart slugs (D:1)
  2 orcs (D:3)
  3 endoplasms
  4 giant cockroaches
  4 goblins
  5 hobgoblins
  8 jackals
  7 kobolds
  6 ball pythons
  4 bats
  4 frilled lizards
  7 rats
61 creatures vanquished.

Notes
Turn   | Place    | Note
-------+----------+-------------------------------------------
     0 | D:1      | Ekaitz the Tengu Air Elementalist began the quest for the
                  | Orb.
     0 | D:1      | Reached XP level 1. HP: 10/10 MP: 4/4
   194 | D:1      | Reached XP level 2. HP: 14/15 MP: 0/6
   200 | D:1      | Learned a level 2 spell: Static Discharge
   446 | D:1      | Reached XP level 3. HP: 20/20 MP: 3/7
   450 | D:1      | Learned a level 3 spell: Swiftness
   682 | D:1      | Got Eringya's Grimoire of Amorphous Nausea
   964 | D:2      | Found a shimmering altar of Xom.
  1441 | D:2      | Reached XP level 4. HP: 24/24 MP: 8/8
  1688 | D:2      | Reached skill level 5 in Air Magic
  2125 | D:3      | Reached skill level 1 in Fighting
  2314 | D:3      | Found a glowing drain.
  2333 | Sewer    | Entered a sewer
  2384 | Sewer    | Noticed a water moccasin
  2401 | Sewer    | HP: 1/25 [water moccasin (7)]
  2402 | Sewer    | Slain by a water moccasin

Illustrated notes

Levels and vault maps discovered:
D:1:      saegor_arrival_fortress, layout_basic
D:2:      minmay_door_path, layout_loops_corners, basic_altar
D:3:      layout_basic, serial_aquarium, aquarium_bridge_square
          [aquarium_subvault_window, aquarium_subvault_wall,
          aquarium_subvault_bridge, aquarium_subvault_bridge],
          aquarium_window_fake, aquarium_window_fake, aquarium_window_1,
          aquarium_view_2f, aquarium_view_2f, aquarium_balcony_3b,
          aquarium_pool_side, gup_sewer_entry_bowl, roderic_serpentine_path
Sewer:    sewer_the_moccasin

Skill      XL: |  1  2  3  4 |
---------------+-------------+-----
Conjurations   | 2 |  2.4
Air Magic      | 5 |  5.1
Fighting       | 1 |  1.2
Short Blades   | |  0.8
Dodging        | |  2.9
Stealth        | |  2.5
Spellcasting   | |  2.1

Action                     |  1- 3 |  4- 6 || total
---------------------------+-------+-------++-------
  Melee: Dagger            |    38 |    22 ||    60
         Kick              |    10 |     5 ||    15
         Peck              |     2 |     2 ||     4
   Cast: Shock             |    27 |    13 ||    40
         Static Discharge  |     5 |     4 ||     9
    Use: Potion            |       |     1 ||     1
   Stab: Sleeping          |     9 |     9 ||    18
 Armour: Robe              |    22 |     7 ||    29
  Dodge: Dodged            |    44 |    18 ||    62

Table legend: (Time is in decaauts)
 A = Elapsed time spent in this place.
 B = Non-inter-level travel time spent in this place.
 C = Inter-level travel time spent in this place.
 D = Time resting spent in this place.
 E = Time spent auto-exploring this place.
 F = Levels seen in this place.
 G = Mean time per level.
                   A        B        C        D        E       F      G
               +--------+--------+--------+--------+--------+-----+--------+
         Total |   2417 |   2407 |     10 |      0 |   1790 |   4 |  604.2 |
       Dungeon |   2341 |   2331 |     10 |      0 |   1743 |   3 |  780.3 |
         Sewer |     76 |     76 |      0 |      0 |     47 |   1 |   76.0 |
               +--------+--------+--------+--------+--------+-----+--------+

Top non-repeatable levels by time:
     D:2: 1113 daAuts
     D:1: 963 daAuts
     D:3: 264 daAuts
   Sewer: 76 daAuts
